 Dungeon Sprint DCSS version 0.27-a0-1321-gd358eaa319 (webtiles) character file.

Game seed: 4370186386771710782

482698 Burgietje the End of an Era (level 19, 189/189 HPs)
             Began as a Demonspawn Monk on June 22, 2021.
             Was the Champion of Qazlal.
             Escaped with the Orb!
             The game lasted 00:14:59 (2107 turns).

Burgietje the End of an Era (Demonspawn Monk)       Turns: 2107, Time: 00:15:00

Health: 189/189    AC: 42    Str: 26    XL:     19   Next: 8%
Magic:  39/39      EV: 15    Int: 13    God:    Qazlal [******]
Gold:   0          SH: 41    Dex: 15    Spells: 50/50 levels left

rFire    + + +     SeeInvis +   D - +16 lance "Wyrmbane" {slay drac, rPois rF+ rC+ AC+3}
rCold    + + .     Faith    .   j - +3 tower shield
rNeg     + . .     Spirit   +   i - +5 gold dragon scales
rPois    +         Reflect  +   (helmet unavailable)
rElec    +         Harm     .   H - +1 cloak of Dyroir {rElec rF+ Dex+2}
rCorr    .         Rampage  +   z - +0 pair of gloves {Str+3}
Will     +....     NoTele   +   (no boots)
Stlth    ..........             y - amulet of Xom's Entertainment {Reflect -Tele Rampage rN+ SH+5}
HPRegen  0.41/turn              C - ring "Ystrodwa" {rElec Str+6}
MPRegen  0.52/turn              w - ring of the Tortoise {AC+8}

@: studying 5 skills, repel missiles
A: antennae 3, powered by death 2, magic shield, magic regeneration, magic link,
black mark, sharp scales 3, bedeviling, clumsy 1, deformed body, weak 1,
inability to read while threatened
0: Orb of Zot
a: Renounce Religion, Upheaval, Elemental Force, Disaster Area


You escaped.
You worshipped Qazlal.
Qazlal was exalted by your worship.
You visited 1 branch

Inventory:

Hand Weapons
 D - the +16 lance "Wyrmbane" (weapon) {slay drac, rPois rF+ rC+ AC+3}
   (You found it in the Dungeon)

   It affects your AC (+3).
   It protects you from fire.
   It protects you from cold.
   It protects you from poison.
Armour
 i - +5 gold dragon scales (worn)
 j - a +3 tower shield (worn)
 z - a +0 pair of gloves of strength (worn)
 H - the +1 cloak of Dyroir (worn) {rElec rF+ Dex+2}
   (You found it in the Dungeon)

   It affects your dexterity (+2).
   It protects you from fire.
   It insulates you from electricity.
 N - a +0 pair of boots of rampaging
 O - the +1 cloak of Zin's Hatred {rPois rC+++ Int+2 Stlth-}
   (You found it in the Dungeon)

   It affects your intelligence (+2).
   It renders you almost immune to cold.
   It protects you from poison.
   It makes you less stealthy.
Jewellery
 a - the ring of Zin's Pride {rC+ MP+9}
   (You took it off a purple draconian in the Dungeon)

   [ring of magical power]

   It protects you from cold.
   It affects your magic capacity (+9).
 b - the amulet of Suenenn {Faith +Blink Str+4 Slay+5}
   (You took it off a yellow draconian in the Dungeon)

   [amulet of faith]

   It allows you to gain divine favour quickly.
   It affects your strength (+4).
   It affects your accuracy and damage with ranged weapons and melee attacks
   (+5).
   It lets you blink.
 n - the amulet "Pist" {Faith -Tele Drain rN+++ Str+3}
   (You took it off a red draconian in the Dungeon)

   [amulet of faith]

   It allows you to gain divine favour quickly.
   It affects your strength (+3).
   It renders you almost immune to negative energy.
   It prevents most forms of teleportation.
   It drains your maximum health when unequipped.
 o - the ring of Liberty {Str+6 Dex+2}
   (You found it in the Dungeon)

   [ring of strength]

   It affects your strength (+6).
   It affects your dexterity (+2).
 w - the ring of the Tortoise (right hand) {AC+8}
   (You found it in the Dungeon)

   [ring of protection]

   It affects your AC (+8).
 x - a +6 ring of strength
 y - the amulet of Xom's Entertainment (around neck) {Reflect -Tele Rampage rN+ SH+5}
   (You found it in the Dungeon)

   [amulet of reflection]

   It reflects blocked missile attacks.
   It protects you from negative energy.
   It prevents most forms of teleportation.
   It affects your SH (+5).
   It bestows one free step when moving towards enemies.
 A - a +4 ring of protection
 B - a ring of wizardry
 C - the ring "Ystrodwa" (left hand) {rElec Str+6}
   (You found it in the Dungeon)

   [ring of strength]

   It affects your strength (+6).
   It insulates you from electricity.
 E - a ring of flight
 G - the ring "Uscholeig" {rPois Int+4 Dex+6}
   (You found it in the Dungeon)

   [ring of dexterity]

   It affects your intelligence (+4).
   It affects your dexterity (+6).
   It protects you from poison.
 I - the ring of Zajonki {AC+4 Dex+3}
   (You found it in the Dungeon)

   [ring of protection]

   It affects your AC (+4).
   It affects your dexterity (+3).
 J - a ring of protection from cold
 K - a +4 ring of evasion
 L - the ring of Peinubb {Fly Int+3}
   (You found it in the Dungeon)

   [ring of flight]

   It affects your intelligence (+3).
   It grants you flight.
 M - the ring of the Sky {rPois SInv}
   (You found it in the Dungeon)

   [ring of poison resistance]

   It protects you from poison.
   It lets you see invisible.
Wands
 t - a wand of mindburst (7)
 u - a wand of iceblast (7)
 v - a wand of acid (7)
Scrolls
 h - 4 scrolls of blinking
 p - 4 scrolls of amnesia
 q - 8 scrolls of fog
 r - 5 scrolls of identify
 s - 2 scrolls of fear
 F - 4 scrolls of brand weapon
Potions
 c - 9 potions of curing
 d - 20 potions of heal wounds
 e - 9 potions of haste
 f - 7 potions of magic
 g - 3 potions of berserk rage
 k - 2 potions of brilliance
 l - 2 potions of invisibility
 m - 4 potions of resistance


   Skills:
 O Level 27 Fighting
 - Level 16.6 Polearms
 - Level 22.5 Armour
 - Level 22.7 Dodging
 - Level 1.7 Stealth
 - Level 22.6 Shields
 + Level 16.3 Spellcasting
 + Level 18.0 Ice Magic
 + Level 18.2 Air Magic
 O Level 27 Invocations


You had 50 spell levels left.
You didn't know any spells.
Your spell library contained the following spells:

 Spells                   Type           Power      Damage    Failure   Level
 Freeze                   Ice            100%       1d11      1%          1
 Shock                    Conj/Air       100%       1d9       1%          1
 Frozen Ramparts          Ice            100%       1d12      1%          3
 Ozocubu's Armour         Ice            55%        N/A       1%          3
 Swiftness                Air            55%        N/A       1%          3
 Airstrike                Air            27%        N/A       1%          4
 Corpse Rot               Necr/Air       N/A        N/A       3%          2
 Ensorcelled Hibernation  Hex/Ice        100%       N/A       3%          2
 Poisonous Vapours        Pois/Air       68%        N/A       3%          2
 Static Discharge         Conj/Air       34%        N/A       3%          2
 Freezing Cloud           Conj/Ice/Air   21%        6-21      16%         5
 Hailstorm                Conj/Ice       34%        3d9       21%         4
 Ice Form                 Ice/Tmut       34%        N/A       21%         4
 Summon Ice Beast         Ice/Summ       34%        N/A       21%         4
 Summon Lightning Spire   Summ/Air       34%        N/A       21%         4
 Mephitic Cloud           Conj/Pois/Air  26%        N/A       22%         3
 Ozocubu's Refrigeration  Ice            27%        4d10      38%         7
 Lightning Bolt           Conj/Air       17%        1d31      50%         5
 Metabolic Englaciation   Hex/Ice        25%        N/A       50%         5
 Silence                  Hex/Air        25%        N/A       50%         5
 Animate Skeleton         Necr           20%        N/A       63%         1
 Apportation              Tloc           20%        N/A       63%         1
 Corona                   Hex            16%        N/A       63%         1
 Foxfire                  Conj/Fire      40%        2x1d6     63%         1
 Magic Dart               Conj           40%        1d5       63%         1
 Pain                     Necr           40%        1d6       63%         1
 Sandblast                Erth           20%        2d7       63%         1
 Sting                    Tmut/Pois      40%        1d5       63%         1
 Summon Small Mammal      Summ           40%        N/A       63%         1
 Blink                    Tloc           N/A        N/A       77%         2
 Call Imp                 Summ           10%        N/A       77%         2
 Passwall                 Tmut/Erth      8%         N/A       77%         2
 Searing Ray              Conj           20%        3d3       77%         2
 Slow                     Hex            15%        N/A       77%         2
 Sublimation of Blood     Necr           5%         N/A       77%         2
 Call Canine Familiar     Summ           10%        N/A       94%         3
 Confusing Touch          Hex            15%        N/A       94%         3
 Conjure Flame            Conj/Fire      10%        6-21      94%         3
 Dazzling Flash           Conj/Hex       30%        N/A       94%         3
 Gell's Gravitas          Tloc           5%         N/A       94%         3
 Ignite Poison            Fire/Tmut/Pois 10%        N/A       94%         3
 Inner Flame              Hex/Fire       15%        N/A       94%         3
 Lesser Beckoning         Tloc           5%         N/A       94%         3
 Portal Projectile        Hex/Tloc       30%        N/A       94%         3
 Spider Form              Tmut/Pois      5%         N/A       94%         3
 Stone Arrow              Conj/Erth      20%        3d8       94%         3
 Summon Guardian Golem    Hex/Summ       15%        N/A       94%         3
 Teleport Other           Tloc           10%        N/A       94%         3
 Tukima's Dance           Hex            15%        N/A       94%         3
 Vampiric Draining        Necr           5%         2d6       94%         3
 Conjure Ball Lightning   Conj/Air       17%        3x3d6     97%         6
 Simulacrum               Ice/Necr       17%        N/A       97%         6
 Animate Armour           Summ/Erth      20%        N/A       100%        4
 Animate Dead             Necr           5%         N/A       100%        4
 Cause Fear               Hex            7%         N/A       100%        4
 Dispel Undead            Necr           10%        3d9       100%        4
 Fulminant Prism          Conj/Hex       7%         3d7       100%        4
 Iskenderun's Mystic Bla  Conj/Tloc      10%        2d4       100%        4
 Leda's Liquefaction      Hex/Erth       7%         N/A       100%        4
 Olgreb's Toxic Radiance  Pois           10%        N/A       100%        4
 Passage of Golubria      Tloc           N/A        N/A       100%        4
 Petrify                  Tmut/Erth      10%        N/A       100%        4
 Sticky Flame             Conj/Fire      10%        2d3       100%        4
 Agony                    Necr           10%        N/A       100%        5
 Alistair's Intoxication  Tmut/Pois      6%         N/A       100%        5
 Blade Hands              Tmut           5%         N/A       100%        5
 Bolt of Magma            Conj/Fire/Erth 5%         4d5       100%        5
 Borgnjor's Vile Clutch   Necr/Erth      5%         N/A       100%        5
 Excruciating Wounds      Necr           5%         N/A       100%        5
 Fireball                 Conj/Fire      5%         3d5       100%        5
 Irradiate                Conj/Tmut      5%         3d15      100%        5
 Lee's Rapid Deconstruct  Erth           5%         3d7*      100%        5
 Manifold Assault         Tloc           10%        N/A       100%        5
 Summon Forest            Summ/Tloc      5%         N/A       100%        5
 Summon Mana Viper        Hex/Summ       15%        N/A       100%        5
 Yara's Violent Unravell  Hex/Tmut       7%         3d5       100%        5
 Death Channel            Necr           5%         N/A       100%        6
 Dispersal                Tloc           5%         N/A       100%        6
 Eringya's Noxious Bog    Tmut/Pois      5%         N/A       100%        6
 Invisibility             Hex            7%         N/A       100%        6
 Shadow Creatures         Summ           N/A        N/A       100%        6
 Starburst                Conj/Fire      5%         8x6d4     100%        6
 Statue Form              Tmut/Erth      6%         N/A       100%        6
 Dragon Form              Tmut           5%         N/A       100%        7
 Haunt                    Necr/Summ      5%         N/A       100%        7
 Malign Gateway           Summ/Tloc      5%         N/A       100%        7
 Monstrous Menagerie      Summ           5%         N/A       100%        7
 Orb of Destruction       Conj           5%         9d2       100%        7
 Storm Form               Tmut/Air       17%        N/A       100%        7
 Summon Hydra             Summ           5%         N/A       100%        7
 Disjunction              Tloc           5%         N/A       100%        8
 Ignition                 Fire           5%         3d4       100%        8
 Summon Horrible Things   Summ           5%         N/A       100%        8
 Dragon's Call            Summ           5%         N/A       100%        9
 Polar Vortex             Ice            27%        N/A       100%        9
 Shatter                  Erth           5%         3d8*      100%        9


Dungeon Overview and Level Annotations

Branches:
Dungeon (1/1)

Altars:
Ashenzari
Cheibriados
Dithmenos
Elyvilon
Fedhas
Gozag
Hepliaklqana
Kikubaaqudgha
Makhleb
Nemelex Xobeh
Okawaru
Qazlal
Ru
Sif Muna
Trog
Uskayaw
Vehumet
Wu Jian
Xom
Yredelemnul
Zin
The Shining One
Beogh
Jiyva
Lugonu


Innate Abilities, Weirdness & Mutations

You have a pair of large antennae on your head. (SInv)
You regenerate health from kills.
When hurt, damage is shared between your health and your magic reserves.
You regenerate magic rapidly.
When low on magic, you restore magic in place of health.
Your melee attacks may debilitate your foes.
You are completely covered in razor-sharp scales. (AC +3, Slay +3)
Your maledictions are enhanced.
You are clumsy. (Dex -2)
Armour fits poorly on your strangely shaped body.
You are weak. (Str -2)
You sometimes lose the ability to read scrolls when taking damage.


Message History

You see here a staff of death.
You see here a staff of conjuration.
You see here a +0 hand axe of distortion.
L - the ring of Peinubb {Fly Int+3} You see here a +2 great mace of protection.
You see here a +4 quick blade.
You see here the +5 short sword of Gozag {flame, Dex+3}.
M - the ring of the Sky {rPois SInv} You pick up a manual of Summonings and begin studying.
You see here a book of Maledictions.
You see here a +0 pair of boots of rampaging.
N - a +0 pair of boots of rampaging You see here a +4 fustibalus of freezing.
You see here Kibbirch's Reference Book on Shape Shifting.
Things that are here:
a +3 vorpal double sword; a water moccasin corpse You see here a staff of death.
Items here: )) ††.
Things that are here:
a +3 antimagic scimitar; a +3 plate armour of cold resistance You pick up a book of the Tempests and begin reading...
You add the spells Polar Vortex and Shatter to your library.
Items here: )) | } †††.
You see here the +1 cloak of Zin's Hatred {rPois rC+++ Int+2 Stlth-}.
O - the +1 cloak of Zin's Hatred {rPois rC+++ Int+2 Stlth-}
Found a piece from Xom's chessboard (15/15).
Found the +6 hand axe of the Lonely Xenops {speed, Str+4}.
You see here a lightning rod (4/4).
There is a transporter here.
An exit appears before you!
You enter the transporter and appear at another place.
Found the Orb of Zot.
Found a staircase leading out of the dungeon.
You see here the Orb of Zot.
You pick up the Orb of Zot!
The Orb lets out a hideous shriek!
The lords of Pandemonium are not amused.
Beware!
Now all you have to do is get back out of the dungeon!
There is a staircase leading out of the dungeon here.
You can't go down here!
You have escaped!

.†....}†....▓..▓.......▓..▓...8©8
...†........▓.▓.▓.....▓.▓.▓......
†....†......▓..▓......≈▓≈.▓.[|†)}
......†.....▓≈≈.....≈≈..≈.▓......
............▓.≈....©≈≈≈≈..▓......
............▓▓▓▓▓▓▓▓▓▓▓▓▓▓▓......
............▓8888888888888▓......
▓.......▓...▓8....☼......8▓..▓...
............▓8.§@°°...©..8▓.▓....
............▓8.○.§.......8▓....©.
....©.......▓8888888888888▓▓▓▓▓▓▓
▓▓▓▓▓▓▓▓▓▓▓▓▓▓▓▓▓▓▓▓▓▓▓▓▓▓▓▓▓▓▓▓▓
...)†8©8........▓.....)).8©8})...
.|[.}.:..)[[.|{.▓..)[{....[...=[=
:...|[....[[([".▓..|...)))[....))
.)...[...:}}|.[.▓.[)[.[..:.....)}
)...[†|.........▓....[..)[[......


There were no monsters in sight!

Vanquished Creatures
  4 orbs of fire (D)
  A caustic shrike (shapeshifter) (D)
  A glowing shapeshifter (D)
  2 liches (D)
  8 quicksilver dragons (D)
  A titan (shapeshifter) (D)
  An acid blob (D)
  An azure jelly (D)
  3 rockslimes (shapeshifter) (D)
  A rockslime (D)
  3 draconian monks (D)
  5 fire giants (D)
  7 balrugs (D)
  A frost giant (D)
  7 iron dragons (D)
  3 draconian shifters (D)
  3 draconian annihilators (D)
  2 draconian knights (D)
  A draconian scorcher (D)
  4 ghouls (D)
  2 draconian stormcallers (D)
  3 reapers (D)
  3 very ugly things (D)
  6 stone giants (D)
  3 vampire knights (D)
  10 green draconians (D)
  A stone giant (shapeshifter) (D)
  10 black draconians (D)
  15 white draconians (D)
  20 yellow draconians (D)
  6 purple draconians (D)
  9 red draconians (D)
  6 crystal guardians (D)
  8 fire dragons (D)
  A yaktaur captain (D)
  12 hydras (D)
  7 vault guards (D)
  2 catoblepae (D)
  An anaconda (shapeshifter) (D)
  6 hell hogs (D)
  A dancing weapon (D)
  2 death yaks (D)
  2 orc high priests (D)
  8 iron golems (D)
  A hell knight (D)
  A shock serpent (shapeshifter) (D)
  A skeletal warrior (D)
  A flayed ghost (D)
  2 glowing orange brains (shapeshifter) (D)
  A deep troll (shapeshifter) (D)
  A lindwurm (D)
  2 swamp dragons (shapeshifter) (D)
  2 lindwurms (shapeshifter) (D)
  3 orc knights (D)
  2 necromancers (D)
  A deep elf zephyrmancer (D)
  3 deep elf pyromancers (D)
  3 ugly things (D)
  2 shining eyes (D)
  A wolf spider (D)
  A cyclops (shapeshifter) (D)
  An elephant (shapeshifter) (D)
  A manticore (shapeshifter) (D)
  A faun (shapeshifter) (D)
  4 elephants (D)
  3 toenail golems (D)
  3 black mambas (D)
  A torpor snail (shapeshifter) (D)
  3 water nymphs (shapeshifter) (D)
  3 eyes of devastation (D)
  2 gargoyles (D)
  An eye of devastation (shapeshifter) (D)
  A cane toad (shapeshifter) (D)
  6 efreet (D)
  15 cane toads (D)
  4 komodo dragons (D)
  A komodo dragon (shapeshifter) (D)
  A rime drake (shapeshifter) (D)
  6 yaktaurs (D)
  5 hellions (D)
  8 rime drakes (D)
  An ice devil (D)
  2 tormentors (D)
  A polar bear (D)
  A red devil (D)
  A jumping spider (D)
  2 hornets (D)
  A slime creature (shapeshifter) (D)
  6 slime creatures (D)
  5 blink frogs (D)
  2 snapping turtles (shapeshifter) (D)
  3 dream sheep (D)
  3 flying skulls (D)
  A tarantella (shapeshifter) (D)
  3 tarantellas (D)
  3 shadows (D)
  2 wyverns (D)
  6 spriggans (D)
  14 yaks (D)
  A vampire (D)
  6 fire elementals (D)
  A golden eye (shapeshifter) (D)
  2 basilisks (D)
  A steam dragon (D)
  5 golden eyes (D)
  3 neqoxecs (D)
  2 swamp worms (shapeshifter) (D)
  14 hell hounds (D)
  14 water moccasins (D)
  A floating eye (shapeshifter) (D)
  3 orc warriors (D)
  3 black bears (D)
  3 necrophages (D)
  3 ogres (D)
  8 wolves (D)
  A phantom (D)
  6 bullfrogs (D)
  14 earth elementals (D)
  3 scorpions (D)
  6 wights (D)
  2 quasits (D)
  An iron imp (D)
  An orc priest (D)
  2 iguanas (D)
  2 jellies (D)
  2 orc wizards (D)
  2 shadow imps (D)
  2 white imps (D)
  6 adder skeletons (D)
  4 adder zombies (D)
  An adder simulacrum (D)
  An orc (shapeshifter) (D)
  A bat skeleton (D)
  3 bat zombies (D)
  6 endoplasms (D)
  A jackal (D)
  A quokka (shapeshifter) (D)
  4 ball python skeletons (D)
  5 ball python zombies (D)
  A bat simulacrum (D)
  2 giant cockroach zombies (D)
  A jackal skeleton (D)
  2 jackal zombies (D)
  2 quokka skeletons (D)
  2 quokka zombies (D)
  8 fire vortices (D)
523 creatures vanquished.

Vanquished Creatures (others)
  A water moccasin (D)
  A bat zombie (D)
  A jackal skeleton (D)
3 creatures vanquished.

Grand Total: 526 creatures vanquished

Notes
Turn   | Place    | Note
-------+----------+-------------------------------------------
     0 | D        | Burgietje the Demonspawn Monk began the quest for the Orb.
     0 | D        | Reached XP level 1. HP: 18/18 MP: 1/1
     3 | D        | Found a blossoming altar of Fedhas.
     4 | D        | Found the +6 Majin-Bo {vamp, MP+6 Int+6}
     4 | D        | Found the +9 heavy crossbow "Sniper" {vorpal, Acc+∞ SInv}
     4 | D        | Found the +10 dark maul {vorpal}
     4 | D        | Found the +15 Maxwell's patent armour {-Cast -Tele rElec
                  | Will+ rCorr}
     4 | D        | Found the +18 shield of the Gong {rElec rN+ Will+ EV-5}
     4 | D        | Found the +14 obsidian axe {vorpal, Drain Fly SInv}
     4 | D        | Found the +7 great mace "Firestarter" {inner flame, rF++}
     4 | D        | Found the +6 shillelagh "Devastator" {shatter}
     4 | D        | Found the +11 plutonium sword {Contam Stlth-}
     4 | D        | Found the +8 lance "Wyrmbane" {slay drac, rPois rF+ rC+
                  | AC+3}
     4 | D        | Found the +9 sword of Zonguldrok {reap}
     4 | D        | Found the +13 scythe of Curses {drain, Drain}
     4 | D        | Found the +5 sword of Power {vorpal}
     4 | D        | Found the +7 mace of Variability {chain chaos}
     4 | D        | Found the +7 Singing Sword {vorpal, sonic wave}
     4 | D        | Found the +8 storm bow {elec, penet}
     7 | D        | Found a shimmering blue altar of Sif Muna.
     7 | D        | Found a sacrificial altar of Ru.
     7 | D        | Found a bloodstained altar of Trog.
     7 | D        | Found a stormy altar of Qazlal.
     7 | D        | Found an iron altar of Okawaru.
     7 | D        | Found a sparkling altar of Nemelex Xobeh.
     9 | D        | Found a transporter.
     9 | D        | Found an ancient bone altar of Kikubaaqudgha.
     9 | D        | Found a viscous altar of Jiyva.
     9 | D        | Found a corrupted altar of Lugonu.
     9 | D        | Found a hazy altar of Hepliaklqana.
     9 | D        | Found a burning altar of Makhleb.
     9 | D        | Found an opulent altar of Gozag.
    51 | D        | Became a worshipper of Qazlal Stormbringer
    51 | D        | Reached * piety under Qazlal
    51 | D        | Reached ** piety under Qazlal
    55 | D        | Gained mutation: You have a pair of small antennae on your
                  | head. [demonic ancestry]
    55 | D        | Reached XP level 2. HP: 24/24 MP: 1/7
   121 | D        | Entered arena 2.
   121 | D        | Noticed a golden eye
   121 | D        | Found a transporter.
   124 | D        | Reached skill level 10 in Invocations
   124 | D        | Reached XP level 3. HP: 30/30 MP: 7/9
   142 | D        | Killed a golden eye
   143 | D        | Reached skill level 5 in Polearms
   143 | D        | Reached XP level 4. HP: 40/40 MP: 9/11
   143 | D        | Gained mutation: You regenerate magic rapidly. [demonic
                  | ancestry]
   143 | D        | Reached XP level 5. HP: 46/46 MP: 10/13
   185 | D        | Entered arena 3.
   185 | D        | Noticed a toenail golem
   185 | D        | Noticed a toenail golem
   185 | D        | Noticed a toenail golem
   185 | D        | Found a transporter.
   191 | D        | Killed a toenail golem
   192 | D        | Gained mutation: You are partially covered in razor-sharp
                  | scales. (AC +1, Slay +1) [demonic ancestry]
   192 | D        | Reached XP level 6. HP: 47/56 MP: 13/15
   197 | D        | Killed a toenail golem
   197 | D        | Reached *** piety under Qazlal
   198 | D        | Gained mutation: You have a pair of antennae on your head.
                  | [demonic ancestry]
   198 | D        | Reached XP level 7. HP: 41/64 MP: 15/17
   203 | D        | Killed a toenail golem
   204 | D        | Reached skill level 10 in Fighting
   204 | D        | Gained mutation: When hurt, damage is shared between your
                  | health and your magic reserves. [demonic ancestry]
   204 | D        | Reached XP level 8. HP: 48/72 MP: 19/19
   314 | D        | Entered arena 4.
   314 | D        | Noticed a slime creature
   314 | D        | Found a transporter.
   316 | D        | Reached skill level 15 in Invocations
   338 | D        | Killed a slime creature
   338 | D        | Reached **** piety under Qazlal
   339 | D        | Reached skill level 10 in Polearms
   527 | D        | Entered arena 5.
   527 | D        | Found a transporter.
   528 | D        | Identified the +5 flail "Xuxots" {vorpal, *Rage +Blink
                  | rPois}
   537 | D        | Gained mutation: You regenerate a little health from kills.
                  | [demonic ancestry]
   537 | D        | Reached XP level 9. HP: 28/81 MP: 7/21
   768 | D        | Entered arena 6.
   768 | D        | Found a transporter.
   773 | D        | Reached ***** piety under Qazlal
   782 | D        | Entered arena 7.
   782 | D        | Noticed a deep elf pyromancer
   782 | D        | Noticed a deep elf pyromancer
   782 | D        | Noticed a +1 vorpal halberd
   782 | D        | Noticed a deep elf pyromancer
   782 | D        | Noticed a deep elf zephyrmancer
   782 | D        | Noticed an orc high priest
   783 | D        | Killed a deep elf zephyrmancer
   783 | D        | Killed a deep elf pyromancer
   783 | D        | Killed a deep elf pyromancer
   783 | D        | Killed an orc high priest
   783 | D        | Killed a deep elf pyromancer
   783 | D        | Killed a +1 vorpal halberd
   783 | D        | Reached ****** piety under Qazlal
   784 | D        | Gained mutation: You have a pair of large antennae on your
                  | head. (SInv) [demonic ancestry]
   784 | D        | Reached XP level 10. HP: 90/92 MP: 13/23
   784 | D        | Found a transporter.
   812 | D        | Entered arena 8.
   813 | D        | Found the +2 Maxwell's thermic engine {flame, freeze}
   814 | D        | Found a transporter.
   832 | D        | Got the ring "Zocefaf" {rN+ rCorr Stlth+}
   835 | D        | Entered arena 9.
   835 | D        | Noticed a spriggan rider
   835 | D        | Noticed a spriggan rider
   837 | D        | Killed a spriggan rider
   838 | D        | Found a transporter.
   867 | D        | Entered arena 10.
   867 | D        | Noticed a wolf spider
   868 | D        | Killed a wolf spider
   870 | D        | Gained mutation: You regenerate health from kills. [demonic
                  | ancestry]
   870 | D        | Reached XP level 11. HP: 101/101 MP: 15/24
   876 | D        | Found a transporter.
   892 | D        | Got Sif Muna's Catalogue of Flamy Darkness
   926 | D        | Entered arena 11.
   927 | D        | Found the +8 glaive of the Guard {elec, spectral, AC+5}
   928 | D        | Reached skill level 15 in Fighting
   928 | D        | Found a transporter.
   940 | D        | Entered arena 12.
   940 | D        | Noticed a vampire knight
   940 | D        | Noticed a necromancer
   940 | D        | Noticed a ghoul
   941 | D        | Found the ring of the Tortoise {AC+8}
   941 | D        | Noticed a ghoul
   941 | D        | Killed a necromancer
   941 | D        | Killed a vampire knight
   943 | D        | Killed a ghoul
   943 | D        | Killed a ghoul
   944 | D        | Reached skill level 15 in Polearms
   945 | D        | Found a transporter.
   965 | D        | Got the amulet of Xom's Entertainment {Reflect -Tele
                  | Rampage rN+ SH+5}
  1123 | D        | Entered arena 13.
  1123 | D        | Noticed a frost giant
  1124 | D        | Found a transporter.
  1125 | D        | Killed a frost giant
  1126 | D        | Gained mutation: You are mostly covered in razor-sharp
                  | scales. (AC +2, Slay +2) [demonic ancestry]
  1126 | D        | Reached XP level 12. HP: 113/113 MP: 17/26
  1133 | D        | Got the Tome of Unholy Rites and the Rocks
  1136 | D        | Got the amulet "Taoffix" {Spirit rElec Will+ Dex+3}
  1145 | D        | Got the amulet of the Thirsty Knives {Faith Harm rC++ rN+
                  | Dex-5}
  1149 | D        | Entered arena 14.
  1149 | D        | Noticed a four-headed hydra
  1149 | D        | Noticed an eight-headed hydra
  1151 | D        | Killed an eight-headed hydra
  1151 | D        | Killed a four-headed hydra
  1152 | D        | Found a transporter.
  1171 | D        | Entered arena 15.
  1172 | D        | Noticed an orc high priest
  1172 | D        | Identified the +4 great mace of Yredelemnul's Outrage
                  | {spect, Fly rN++ rCorr}
  1173 | D        | Found a transporter.
  1174 | D        | Killed an orc high priest
  1192 | D        | Entered arena 16.
  1192 | D        | Noticed a rockslime
  1193 | D        | Noticed an azure jelly
  1193 | D        | Noticed an acid blob
  1194 | D        | Found the +3 crown of Dyrovepreva {rElec Int+2 SInv}
  1194 | D        | Killed an azure jelly
  1194 | D        | Killed an acid blob
  1194 | D        | Killed a rockslime
  1195 | D        | Gained mutation: Your maledictions are enhanced. [demonic
                  | ancestry]
  1195 | D        | Reached XP level 13. HP: 106/125 MP: 16/29
  1195 | D        | Found a transporter.
  1238 | D        | Entered arena 17.
  1241 | D        | Identified the +7 flail "Daorouja" {freeze, *Rage rN+
                  | Int+4}
  1241 | D        | Noticed a lich
  1242 | D        | Killed a lich
  1243 | D        | Found a transporter.
  1252 | D        | Got the +1 cloak of Dyroir {rElec rF+ Dex+2}
  1261 | D        | Got the Volume of Poisoning and Fire
  1261 | D        | Got the Disquisition on the Flamy Frostbite
  1371 | D        | Entered arena 18.
  1373 | D        | Noticed a vampire knight
  1373 | D        | Noticed a ghoul
  1374 | D        | Noticed a ghoul
  1374 | D        | Noticed a vampire knight
  1375 | D        | Killed a vampire knight
  1375 | D        | Killed a ghoul
  1375 | D        | Killed a vampire knight
  1375 | D        | Killed a ghoul
  1376 | D        | Reached skill level 27 in Invocations
  1376 | D        | Found a transporter.
  1387 | D        | Got the ring of Zajonki {AC+4 Dex+3}
  1393 | D        | Got the Compendium of the Arsonist and Poison
  1416 | D        | Entered arena 19.
  1418 | D        | Noticed a green very ugly thing
  1418 | D        | Noticed a brown very ugly thing
  1419 | D        | Noticed a white very ugly thing
  1420 | D        | Found the +10 morningstar "Eos" {elec, Halo rElec}
  1420 | D        | Killed a white very ugly thing
  1420 | D        | Killed a green very ugly thing
  1420 | D        | Killed a brown very ugly thing
  1421 | D        | Gained mutation: Your melee attacks may debilitate your
                  | foes. [demonic ancestry]
  1421 | D        | Reached XP level 14. HP: 144/144 MP: 23/31
  1421 | D        | Found a transporter.
  1440 | D        | Got the ring "Gifoesu" {rPois rC+ Int+4 Dex+6}
  1442 | D        | Got the ring "Nevuf" {rF+ rC- Will+ Int-2 Dex+5}
  1447 | D        | Entered arena 20.
  1454 | D        | Found a transporter.
  1471 | D        | Got the Incunabulum of the Blaze and Black Arts
  1491 | D        | Entered arena 21.
  1495 | D        | Noticed a balrug
  1496 | D        | Killed a balrug
  1505 | D        | Found a transporter.
  1517 | D        | Got the ring "Ystrodwa" {rElec Str+6}
  1535 | D        | Got the Grimoire of the Special Stories
  1537 | D        | Got Tischeosa's Guide on Ghastly Flight
  1571 | D        | Entered arena 22.
  1574 | D        | Noticed a juggernaut
  1575 | D        | Noticed a glowing shapeshifter
  1575 | D        | Noticed a shard shrike
  1575 | D        | Noticed a glowing shapeshifter
  1575 | D        | Noticed a shard shrike
  1575 | D        | Noticed a stone giant
  1575 | D        | a glowing shapeshifter changed into a stone giant
  1575 | D        | Noticed a rockslime
  1575 | D        | a shard shrike changed into a rockslime
  1576 | D        | Killed a rockslime
  1576 | D        | Killed a stone giant
  1576 | D        | Killed a glowing shapeshifter
  1576 | D        | Noticed a rockslime
  1576 | D        | a shard shrike changed into a rockslime
  1577 | D        | Found a transporter.
  1577 | D        | Noticed a juggernaut
  1577 | D        | Noticed a rockslime
  1577 | D        | Noticed a titan
  1577 | D        | a juggernaut changed into a titan
  1578 | D        | Found the +6 arbalest "Damnation" {damnation}
  1579 | D        | Killed a rockslime
  1580 | D        | Gained mutation: You are completely covered in razor-sharp
                  | scales. (AC +3, Slay +3) [demonic ancestry]
  1580 | D        | Reached XP level 15. HP: 149/158 MP: 18/32
  1580 | D        | Killed a titan
  1580 | D        | Noticed a rockslime
  1580 | D        | a juggernaut changed into a rockslime
  1584 | D        | Killed a rockslime
  1589 | D        | Noticed an iron dragon
  1589 | D        | a rockslime changed into an iron dragon
  1600 | D        | Noticed an iron giant
  1600 | D        | an iron dragon changed into an iron giant
  1604 | D        | Noticed an acid blob
  1604 | D        | an iron giant changed into an acid blob
  1605 | D        | Noticed a golden dragon
  1605 | D        | an acid blob changed into a golden dragon
  1606 | D        | Noticed a shadow dragon
  1606 | D        | a golden dragon changed into a shadow dragon
  1609 | D        | Noticed a fire giant
  1609 | D        | a shadow dragon changed into a fire giant
  1613 | D        | a fire giant changed into a stone giant
  1619 | D        | Noticed a frost giant
  1619 | D        | a stone giant changed into a frost giant
  1623 | D        | a frost giant changed into a dire elephant
  1629 | D        | Noticed a frost giant
  1629 | D        | a dire elephant changed into a frost giant
  1630 | D        | Noticed a shadow dragon
  1630 | D        | a frost giant changed into a shadow dragon
  1635 | D        | Noticed a caustic shrike
  1635 | D        | a shadow dragon changed into a caustic shrike
  1643 | D        | Killed a caustic shrike
  1678 | D        | Got the amulet of Duonkouff {Acrobat Drain Regen+ Int-4
                  | Dex+8}
  1711 | D        | Entered arena 23.
  1717 | D        | Noticed a lich
  1718 | D        | Killed a lich
  1719 | D        | Reached skill level 27 in Fighting
  1719 | D        | Reached skill level 10 in Armour
  1719 | D        | Reached skill level 10 in Dodging
  1719 | D        | Reached skill level 10 in Shields
  1720 | D        | Found a transporter.
  1742 | D        | Got Awenet's Advanced Steps in Wizardry
  1745 | D        | Got the ring "Deel" {rPois Str+6}
  1753 | D        | Got the amulet of Past Mistakes {Spirit Dex+4}
  1757 | D        | Got the ring of Liberty {Str+6 Dex+2}
  1771 | D        | Entered arena 24.
  1776 | D        | Noticed a white draconian knight
  1777 | D        | Identified the ring of Mirth {rElec rF+++ Will+ Int+3
                  | Dex-2}
  1777 | D        | Identified the +9 flail of Regicide {speed, Str+3}
  1777 | D        | Noticed a black draconian scorcher
  1777 | D        | Identified the amulet of Suenenn {Faith +Blink Str+4
                  | Slay+5}
  1777 | D        | Identified the ring "Japn" {rC+ Dex+6}
  1778 | D        | Killed a black draconian scorcher
  1778 | D        | Identified the ring of Zin's Pride {rC+ MP+9}
  1779 | D        | Reached skill level 15 in Dodging
  1779 | D        | Reached skill level 15 in Shields
  1779 | D        | Gained mutation: When low on magic, you restore magic in
                  | place of health. [demonic ancestry]
  1779 | D        | Reached XP level 16. HP: 135/167 MP: 17/33
  1779 | D        | Identified the +5 hand axe of Grontol {flame, Drain Fly
                  | SInv Stlth+}
  1780 | D        | Found the +2 hood of the Assassin {Detection Stab+ Stlth++}
  1786 | D        | Reached skill level 15 in Armour
  1786 | D        | Found a transporter.
  1828 | D        | Entered arena 25.
  1834 | D        | Identified the amulet "Pist" {Faith -Tele Drain rN+++
                  | Str+3}
  1834 | D        | Identified the ring of Xom's Sleight of Hands {+Blink rPois
                  | Str+6}
  1835 | D        | Identified the ring "Walaeqoh" {Wiz Will++}
  1839 | D        | Identified the +5 dagger of Mucimim {flame, rPois rC- Will-
                  | rCorr}
  1840 | D        | Reached XP level 17. HP: 174/174 MP: 27/34
  1841 | D        | Found a transporter.
  1896 | D        | Entered arena 26.
  1903 | D        | Noticed a quicksilver dragon
  1904 | D        | Noticed a quicksilver dragon
  1904 | D        | Noticed a quicksilver dragon
  1904 | D        | Noticed a quicksilver dragon
  1905 | D        | Noticed a quicksilver dragon
  1905 | D        | Noticed a quicksilver dragon
  1905 | D        | Noticed a quicksilver dragon
  1905 | D        | Noticed a quicksilver dragon
  1906 | D        | Killed a quicksilver dragon
  1906 | D        | Killed a quicksilver dragon
  1906 | D        | Killed a quicksilver dragon
  1906 | D        | Killed a quicksilver dragon
  1906 | D        | Killed a quicksilver dragon
  1906 | D        | Killed a quicksilver dragon
  1906 | D        | Killed a quicksilver dragon
  1906 | D        | Killed a quicksilver dragon
  1907 | D        | Found a transporter.
  1918 | D        | Reached XP level 18. HP: 182/182 MP: 35/35
  1950 | D        | Got the ring "Uscholeig" {rPois Int+4 Dex+6}
  1959 | D        | Got the Compendium of Supportive Contamination
  1966 | D        | Entered arena 27.
  1973 | D        | Noticed an orb of fire
  1974 | D        | Noticed an orb of fire
  1974 | D        | Noticed an orb of fire
  1974 | D        | Noticed an orb of fire
  1975 | D        | Gained mutation: Armour fits poorly on your strangely
                  | shaped body. [an orb of fire]
  1975 | D        | Gained mutation: You are clumsy. (Dex -2) [an orb of fire]
  1976 | D        | Found the +7 lajatang of Order {silver, rMut}
  1976 | D        | Found a transporter.
  1976 | D        | Gained mutation: You are weak. (Str -2) [an orb of fire]
  1976 | D        | Gained mutation: You sometimes lose the ability to read
                  | scrolls when taking damage. [an orb of fire]
  1977 | D        | Found the +3 Elemental Staff {rElec rF++ rC++ Will++ AC+5}
  1977 | D        | Killed an orb of fire
  1977 | D        | Killed an orb of fire
  1978 | D        | Reached skill level 15 in Air Magic
  1978 | D        | Killed an orb of fire
  1979 | D        | Reached skill level 15 in Ice Magic
  1981 | D        | Killed an orb of fire
  2009 | D        | Got the Papyrus of Harmful Toxins
  2036 | D        | Entered arena 28.
  2046 | D        | Found the +8 Vampire's Tooth {vamp}
  2049 | D        | Reached skill level 15 in Spellcasting
  2049 | D        | Reached XP level 19. HP: 189/189 MP: 31/38
  2056 | D        | Found a transporter.
  2066 | D        | Got the ring of Peinubb {Fly Int+3}
  2071 | D        | Got the ring of the Sky {rPois SInv}
  2088 | D        | Got the +1 cloak of Zin's Hatred {rPois rC+++ Int+2 Stlth-}
  2102 | D        | Got the Orb of Zot
  2107 | D        | Escaped with the Orb!

Illustrated notes

Levels and vault maps discovered:
D:        sprint_v [room_start, room_1, room_2, room_3, room_4, room_5, room_6,
          room_7, room_8, room_9, room_10, room_11, room_12, room_13, room_14,
          room_15, room_16, room_17, room_18, room_19, room_20, room_21,
          room_22, room_23, room_24, room_25, room_26, room_27]

Skill      XL: |  1  2  3  4  5  6  7  8  9 10 11 12 13 14 15 16 17 18 19 |
---------------+----------------------------------------------------------+-----
Invocations    | 9 10 11 13 14 16 18 19 21 24 27 | 27.0
Polearms       | 3 5 7 8 9 10 12 13 15 16 | 16.6
Fighting       | 6 8 9 10 11 13 14 16 19 23 26 27 | 27.0
Armour         | 6 14 19 22 | 22.5
Dodging        | 7 15 19 22 | 22.7
Shields        | 6 15 19 22 | 22.6
Spellcasting   | 15 16 | 16.3
Ice Magic      | 17 18 | 18.0
Air Magic      | 17 18 | 18.2
Stealth        | |  1.7

Action                   |  1- 3 |  4- 6 |  7- 9 | 10-12 | 13-15 | 16-18 | 19-21 || total
-------------------------+-------+-------+-------+-------+-------+-------+-------++-------
Melee: Lance             |     4 |    11 |    27 |    29 |    82 |    81 |     4 ||   238
Invok: Upheaval          |       |       |     1 |     6 |     1 |       |       ||     8
       Disaster Area     |       |       |     1 |     6 |     9 |     7 |     1 ||    24
  Use: Potion            |     2 |     1 |     4 |     2 |     1 |       |       ||    10
Armor: Gold dragon scale |       |     8 |    30 |    11 |    15 |    24 |     1 ||    89
Dodge: Dodged            |       |     3 |     1 |       |     3 |    12 |     1 ||    20
       Repelled          |       |       |       |       |       |       |     1 ||     1
Block: Tower shield      |       |    11 |    36 |    33 |    71 |    58 |     4 ||   213
       Reflection        |       |       |       |     4 |     4 |     4 |       ||    12

Table legend: (Time is in decaauts)
 A = Elapsed time spent in this place.
 B = Non-inter-level travel time spent in this place.
 C = Inter-level travel time spent in this place.
 D = Time resting spent in this place.
 E = Time spent auto-exploring this place.
 F = Levels seen in this place.
 G = Mean time per level.
                   A        B        C        D        E       F      G
               +--------+--------+--------+--------+--------+-----+--------+
         Total |   2050 |   2050 |      0 |    900 |      0 |   1 | 2050.0 |
       Dungeon |   2050 |   2050 |      0 |    900 |      0 |   1 | 2050.0 |
               +--------+--------+--------+--------+--------+-----+--------+

Top non-repeatable levels by time:
       D: 2050 daAuts
